Map: [ESL] Ancient Cistern

Players

eGGz

  • Race: Zerg Zerg
  • Spawn Location: 1:00

Astrea - Winner!

  • Race: Protoss Protoss
  • Spawn Location: 7:00

Event: ESL SC2 Masters 2023 Summer (Regionals)

VOD

Have the link to the VOD?

Description

Time

  • Played on: May 14, 2023, 2:34 p.m.
  • Length: 14:20

All games in this series

Show
View Real Time Build Order
Export as new Build Order

eGGz Zerg 

Build Orders: Hatch First 

Get SALT Encoding   

  12  0:00  Drone  
  13  0:12  Overlord  
  13  0:16  Drone  
  14  0:31  Drone  
  15  0:44  Hatchery  
  15  0:48  Drone  
  15  0:51  Drone  
  15  0:56  Drone  
  17  1:02  Extractor, Drone  
  17  1:16  Spawning Pool  
  17  1:18  Drone  
  17  1:22  Drone  
  18  1:31  Drone  
  19  1:42  Drone  
  20  1:53  Overlord  
  20  2:02  Drone  
  20  2:05  Queen  
  20  2:06  Queen  
  25  2:09  Metabolic Boost  
  25  2:11  Zergling x2  
  26  2:16  Drone  
  26  2:18  Drone  
  26  2:20  Drone  
  29  2:26  Zergling x2  
  30  2:30  Drone  
  30  2:36  Drone  
  32  2:49  Overlord  
  32  2:50  Hatchery  
  31  2:54  Zergling x2  
  32  2:58  Queen  
  32  3:02  Drone x2  
  36  3:10  Drone  
  37  3:17  Drone  
  38  3:23  Zergling x4  
  38  3:24  Overlord  
  38  3:25  Drone  
  38  3:26  Drone x3  
  44  3:30  Lair  
  44  3:41  Drone, Spore Crawler  
  44  3:42  Queen  
  43  4:04  Drone x3  
  43  4:06  Drone, Queen  
  43  4:07  Drone x2  
  43  4:09  Overlord  
  51  4:12  Zergling x8  
  55  4:20  Spore Crawler  
  55  4:21  Queen  
  56  4:29  Zergling x6  
  56  4:30  Nydus Network  
  58  4:38  Zergling x12  
  58  4:47  Zergling x10  
  62  5:00  Zergling x8  
  62  5:06  Nydus Canal  
  65  5:08  Zergling x2  
  63  5:17  Drone  
  63  5:24  Zergling x8  
  63  5:25  Zergling x8  
  63  5:27  Zergling x2  
  66  5:35  Zergling x2  
  66  5:39  Nydus Canal  
  66  5:40  Zergling x2  
  65  5:43  Zergling x2  
  65  5:50  Zergling x2  
  65  5:53  Zergling x2  
  65  5:54  Queen  
  65  5:57  Zergling x2  
  66  6:03  Zergling x2  
  65  6:06  Zergling x4  
  65  6:07  Overlord  
  65  6:09  Nydus Canal  
  65  6:10  Overlord  
  64  6:18  Overlord  
  63  6:19  Zergling x6  
  63  6:20  Overlord  
  63  6:21  Queen  
  63  6:25  Queen  
  67  6:31  Zergling x8  
  62  6:45  Nydus Canal, Zergling x2  
  62  6:46  Zergling x4  
  60  6:51  Drone x2  
  60  6:52  Drone  
  60  6:58  Drone  
  61  7:04  Drone x2  
  61  7:06  Drone x2  
  61  7:08  Extractor, Queen x2, Roach Warren  
  68  7:13  Zergling x6  
  67  7:24  Nydus Canal  
  67  7:26  Drone x4  
  67  7:28  Queen  
  73  7:31  Drone  
  73  7:36  Drone  
  75  7:40  Drone x3  
  75  7:41  Drone x3  
  81  7:53  Glial Reconstitution  
  81  7:55  Extractor  
  81  7:56  Extractor  
  81  7:57  Extractor  
  78  8:04  Zergling x6  
  81  8:06  Overlord x6  
  81  8:20  Evolution Chamber  
  81  8:21  Roach, Baneling Nest  
  81  8:26  Drone x3  
  84  8:28  Drone x4  
  84  8:29  Drone x3  
  84  8:31  Roach x3  
  97  8:45  Roach x3  
  103  8:54  Drone x3  
  106  9:00  Zerg Melee Weapons Level 1  
  106  9:01  Drone x3  
  106  9:02  Drone  
  107  9:06  Roach  
  107  9:07  Roach x4  
  107  9:09  Hatchery  
  115  9:24  Zergling x12  
  115  9:25  Zergling x8  
  125  9:33  Zergling x4  
  125  9:38  Centrifugal Hooks  
  127  9:40  Drone x2  
  127  9:41  Drone  
  130  9:53  Extractor  
  130  9:57  Hatchery  
  128  10:00  Roach  
  128  10:01  Overlord x2  
  128  10:05  Overlord  
  129  10:23  Drone x16  
  129  10:25  Zergling x4  
  147  10:30  Zergling x2  
  147  10:35  Ravager x3  
  148  10:36  Ravager x2  
  148  10:41  Zergling x12  
  158  10:44  Zergling x2  
  158  10:49  Zergling x2  
  160  10:52  Overlord  
  160  10:54  Overlord  
  160  10:56  Zerg Melee Weapons Level 2  
  160  11:03  Baneling x11  
  160  11:06  Overlord  
  160  11:10  Hatchery  
  156  11:11  Baneling x2  
  156  11:14  Zergling x28  
  156  11:17  Zergling x6  
  173  11:24  Baneling x17  
  173  11:25  Zergling x16  
  180  11:36  Overlord  
  163  11:44  Zergling x18  
  149  11:52  Zergling x20  
  151  11:59  Baneling x29  
  151  12:06  Roach x4  
  159  12:10  Roach x3  
  165  12:16  Baneling x7  
  165  12:17  Zergling x2  
  165  12:18  Zergling x8  
  170  12:27  Zergling x12  
  170  12:28  Zergling x8  
  180  12:42  Zergling x18  
  180  12:43  Zergling x12  
  192  12:47  Baneling x11  
  189  13:00  Zergling x12  
  189  13:01  Zergling x12  
  199  13:06  Baneling x15  
  199  13:10  Drone  
  199  13:11  Drone x2  
  176  13:28  Zergling x38  
  116  13:44  Zergling x30  
  116  13:47  Baneling x5  
  124  13:54  Baneling  
  124  13:55  Baneling x11  
  124  14:00  Roach x3  
Show
View Real Time Build Order
Export as new Build Order

Astrea Protoss - Winner!

Build Orders: 1 Gate Expand, Oracle Opening 

Get SALT Encoding   

  12  0:00  Probe  
  13  0:12  Probe  
  14  0:18  Pylon  
  14  0:24  Probe (Chrono Boost)  
  15  0:36  Probe (Chrono Boost)  
  15  0:39  Gateway  
  16  0:45  Probe (Chrono Boost)  
  16  0:48  Assimilator  
  17  0:51  Probe  
  18  1:03  Probe  
  19  1:15  Probe  
  20  1:24  Nexus  
  20  1:28  Probe  
  21  1:36  Cybernetics Core  
  21  1:42  Assimilator  
  21  1:44  Probe  
  22  1:51  Pylon  
  22  1:56  Probe  
  23  2:09  Probe (Chrono Boost)  
  23  2:11  Adept (Chrono Boost)  
  26  2:19  Probe (Chrono Boost), Stargate  
  27  2:24  Probe (Chrono Boost)  
  27  2:28  Warp Gate  
  28  2:34  Adept  
  31  2:37  Probe (Chrono Boost)  
  31  2:40  Probe (Chrono Boost)  
  32  2:47  Probe (Chrono Boost)  
  32  2:50  Probe (Chrono Boost)  
  34  2:52  Probe (Chrono Boost)  
  35  3:00  Probe  
  35  3:02  Oracle (Chrono Boost)  
  35  3:03  Probe  
  35  3:05  Pylon  
  40  3:12  Gateway  
  40  3:13  Probe  
  40  3:16  Probe  
  42  3:25  Probe  
  43  3:29  Probe  
  43  3:30  Oracle (Chrono Boost)  
  47  3:37  Probe  
  48  3:43  Nexus  
  48  3:48  Probe  
  48  3:49  Pylon  
  48  3:54  Probe  
  50  3:59  Twilight Council  
  50  4:01  Probe  
  51  4:06  Probe, Assimilator  
  52  4:13  Probe  
  52  4:14  Pylon  
  52  4:17  Gateway x2  
  53  4:22  Adept  
  53  4:23  Probe  
  56  4:25  Probe  
  57  4:32  Stalker  
  57  4:35  Probe  
  57  4:37  Probe  
  61  4:40  Blink (Chrono Boost)  
  61  4:42  Adept  
  61  4:47  Probe  
  61  4:49  Probe  
  63  4:55  Probe  
  63  4:59  Probe  
  65  5:00  Stalker, Shield Battery  
  65  5:01  Probe  
  66  5:07  Probe, Stalker  
  66  5:10  Gateway  
  66  5:11  Probe  
  66  5:13  Probe  
  69  5:16  Stalker  
  69  5:19  Probe  
  69  5:21  Stalker  
  72  5:24  Stalker  
  72  5:32  Stalker  
  72  5:33  Shield Battery  
  72  5:34  Shield Battery  
  68  5:43  Stalker  
  68  5:45  Stalker  
  68  5:48  Pylon  
  72  5:50  Pylon  
  72  5:52  Stalker  
  72  5:56  Shield Battery  
  67  6:04  Stalker  
  67  6:05  Probe, Gateway  
  67  6:10  Shield Battery  
  70  6:16  Stalker  
  72  6:18  Shield Battery  
  72  6:22  Gateway  
  72  6:29  Stalker  
  72  6:31  Nexus  
  74  6:33  Stalker x2  
  74  6:38  Pylon  
  77  6:48  Pylon  
  77  6:49  Pylon x2  
  76  7:00  Pylon  
  76  7:04  Pylon x2  
  76  7:11  Stalker x2  
  76  7:12  Stalker x2  
  84  7:23  Probe  
  84  7:24  Probe  
  86  7:35  Probe  
  86  7:36  Probe  
  88  7:41  Stalker x4  
  95  7:48  Probe x2 (Chrono Boost)  
  95  7:50  Pylon  
  97  7:53  Nexus  
  97  7:58  Robotics Facility  
  97  8:00  Probe x2 (Chrono Boost), Assimilator  
  98  8:07  Probe x2 (Chrono Boost)  
  100  8:13  Forge  
  100  8:14  Probe x2  
  100  8:19  Shield Battery  
  102  8:20  Pylon  
  102  8:23  Assimilator  
  102  8:26  Probe x2  
  104  8:27  Assimilator  
  104  8:29  Sentry  
  106  8:38  Probe x2  
  108  8:42  Protoss Ground Weapons Level 1 (Chrono Boost)  
  108  8:47  Robotics Bay  
  108  8:48  Robotics Facility  
  108  8:50  Probe x2  
  108  8:54  Photon Cannon  
  110  9:02  Probe, Observer (Chrono Boost)  
  112  9:03  Probe  
  113  9:14  Probe  
  113  9:15  Probe  
  115  9:21  Stalker x4  
  123  9:24  Pylon  
  123  9:27  Probe  
  124  9:31  Charge, Colossus x2 (Chrono Boost)  
  136  9:45  Gateway x2  
  136  9:47  Gateway  
  136  9:54  Sentry x4  
  144  10:08  Extended Thermal Lance  
  144  10:10  Pylon  
  144  10:14  Nexus  
  144  10:16  Pylon  
  144  10:19  Colossus (Chrono Boost)  
  144  10:22  Colossus (Chrono Boost)  
  156  10:30  Probe x2  
  156  10:35  Probe  
  159  10:37  Protoss Ground Weapons Level 2 (Chrono Boost)  
  160  10:42  Probe  
  160  10:43  Probe, Photon Cannon  
  160  10:45  Photon Cannon  
  160  10:46  Shield Battery  
  160  10:49  Probe  
  162  10:54  Photon Cannon  
  162  10:55  Probe  
  162  10:56  Photon Cannon  
  163  10:58  Pylon  
  163  11:00  Photon Cannon  
  163  11:07  Pylon  
  163  11:13  Stalker x5  
  173  11:26  Probe x3  
  173  11:27  Probe  
  173  11:28  Assimilator  
  173  11:29  Templar Archives, Assimilator  
  177  11:32  Pylon  
  177  11:38  Probe  
  174  11:45  Stalker x5  
  171  11:50  Probe x2  
  171  11:51  Probe  
  164  11:59  Probe  
  165  12:03  Probe x2  
  165  12:06  Warp Prism (Chrono Boost)  
  169  12:16  High Templar x5  
  169  12:17  High Templar  
  169  12:20  Archon  
  169  12:21  Archon x2  
  181  12:23  Photon Cannon  
  181  12:28  Probe x4  
  185  12:31  Zealot  
  185  12:35  Gateway  
  185  12:36  Gateway  
  187  12:49  High Templar x5  
  197  12:52  Archon  
  197  12:53  Archon  
  197  13:00  High Templar  
  197  13:04  Gateway  
  199  13:07  Pylon, Gateway  
  199  13:08  Gateway x2  
  199  13:11  Pylon  
  197  13:13  Archon  
  197  13:15  Photon Cannon  
  197  13:17  Photon Cannon  
  197  13:25  Zealot  
  199  13:33  Stalker x7  
  187  13:34  Probe  
  187  13:36  Probe  
  187  13:38  Probe x2  
  159  13:46  Probe  
  159  13:48  Probe  
  155  13:50  Probe x2  
  157  13:56  Zealot x4  
  157  13:59  Probe  
  166  14:13  High Templar  
  166  14:14  High Templar x5, Zealot x2  
Tags
 
Add a new tag
Caveats
  • Supply blocks, unpowered buildings, or Contaminate may cause inaccurate times.
  • Supply counts are checked every 10 seconds.